Map: Thunderbird LE

Players

Creature - Winner!

  • Race: Protoss Protoss
  • Spawn Location: 11:00

Dolan

  • Race: Terran Terran
  • Spawn Location: 5:00

VOD

Have the link to the VOD?

Description

Time

  • Played on: Sept. 6, 2019, 4:01 p.m.
  • Length: 10:08
Show
View Real Time Build Order
Export as new Build Order

Creature Protoss - Winner!

Build Orders: 1 Gate Expand, Oracle Opening 

Get SALT Encoding   

  12  0:01  Probe  
  13  0:13  Probe  
  14  0:19  Pylon  
  14  0:25  Probe  
  15  0:33  Probe  
  15  0:37  Gateway  
  15  0:41  Probe  
  16  0:46  Assimilator  
  17  0:51  Probe  
  18  1:03  Probe  
  19  1:15  Probe  
  20  1:25  Nexus  
  20  1:36  Cybernetics Core  
  20  1:38  Probe  
  21  1:44  Assimilator  
  21  1:50  Pylon  
  21  1:51  Probe  
  22  2:02  Adept  
  22  2:03  Probe  
  25  2:15  Probe  
  25  2:16  Stargate  
  26  2:25  Warp Gate  
  26  2:27  Probe  
  27  2:33  Adept  
  27  2:35  Probe  
  27  2:36  Probe  
  29  2:43  Probe  
  31  2:44  Probe  
  33  2:52  Probe  
  33  2:54  Probe  
  35  3:05  Probe  
  36  3:06  Probe  
  36  3:07  Oracle  
  40  3:17  Probe  
  40  3:18  Probe  
  42  3:25  Pylon  
  42  3:29  Probe  
  42  3:31  Probe  
  44  3:34  Oracle  
  44  3:36  Gateway  
  44  3:39  Gateway  
  44  3:41  Probe  
  48  3:49  Probe  
  48  3:53  Probe  
  50  3:58  Pylon  
  50  4:01  Probe  
  51  4:06  Oracle  
  51  4:08  Probe  
  52  4:10  Nexus  
  52  4:11  Pylon  
  55  4:18  Probe  
  55  4:19  Assimilator  
  55  4:20  Assimilator  
  55  4:23  Probe  
  57  4:25  Pylon  
  57  4:36  Phoenix, Stalker  
  57  4:38  Probe  
  62  4:51  Probe x2  
  64  4:54  Forge, Twilight Council  
  64  4:58  Adept, Stalker  
  64  4:59  Zealot  
  70  5:06  Probe x2  
  72  5:10  Pylon  
  72  5:17  Charge  
  72  5:18  Probe  
  73  5:26  Stalker x3  
  73  5:27  Protoss Ground Armor Level 1  
  73  5:28  Shield Battery  
  79  5:29  Shield Battery  
  79  5:30  Shield Battery  
  79  5:33  Oracle  
  79  5:48  Pylon  
  82  5:50  Zealot x3  
  82  5:55  Gateway  
  88  5:58  Gateway  
  88  6:06  Gateway  
  88  6:08  Pylon  
  88  6:09  Pylon  
  88  6:15  Stalker x2  
  88  6:16  Zealot  
  94  6:26  Phoenix  
  96  6:37  Stalker x2  
  96  6:38  Zealot  
  90  6:53  Oracle  
  90  6:54  Probe  
  72  7:00  Stalker x2  
  72  7:01  Stalker x2  
  66  7:02  Probe  
  66  7:07  Probe x2  
  69  7:14  Probe  
  70  7:19  Probe  
  71  7:26  Probe  
  71  7:27  Probe  
  71  7:28  Probe  
  65  7:34  Probe  
  65  7:35  Probe  
  65  7:36  Phoenix, Probe  
  67  7:38  Zealot x4  
  67  7:43  Probe  
  81  7:52  Probe  
  81  7:55  Probe x2  
  82  8:00  Probe  
  83  8:07  Probe  
  83  8:08  Phoenix, Probe  
  83  8:12  Probe  
  87  8:13  Templar Archives  
  87  8:17  Robotics Facility  
  88  8:21  Probe  
  88  8:24  Probe  
  90  8:29  Assimilator x2  
  90  8:30  Pylon, Probe  
  91  8:34  Psionic Storm  
  91  8:35  Probe  
  91  8:40  Probe  
  93  8:46  Probe  
  94  8:50  High Templar  
  94  8:51  High Templar  
  97  8:57  Probe  
  97  8:59  Probe  
  97  9:00  Probe  
  97  9:01  Observer  
  96  9:09  Zealot x2, Probe  
  102  9:10  Zealot x2  
  102  9:14  Gateway  
  102  9:15  Immortal, Gateway  
  102  9:16  Pylon  
  106  9:30  High Templar x2  
  106  9:31  Zealot x4  
  118  9:34  Probe  
  118  9:36  Archon  
  118  9:37  Pylon  
  118  9:38  Pylon  
  123  9:54  Zealot x4  
Show
View Real Time Build Order
Export as new Build Order

Dolan Terran 

Build Orders: Reaper Expand, Banshee Rush 

Get SALT Encoding   

  12  0:00  SCV  
  13  0:12  SCV  
  14  0:16  Supply Depot  
  14  0:24  SCV  
  15  0:38  SCV  
  15  0:39  Barracks  
  16  0:43  Refinery  
  16  0:50  SCV  
  17  1:02  SCV  
  18  1:14  SCV  
  19  1:26  Orbital Command  
  19  1:28  Reaper  
  20  1:41  Command Center  
  20  1:50  Supply Depot  
  20  1:53  SCV  
  21  2:00  Barracks Reactor  
  21  2:04  Refinery  
  21  2:05  SCV  
  22  2:17  SCV  
  22  2:21  Factory  
  23  2:30  SCV  
  24  2:38  Marine x2  
  24  2:42  SCV  
  27  2:54  Orbital Command  
  27  2:55  SCV  
  27  2:56  Marine x2  
  30  3:06  Widow Mine  
  30  3:07  Starport, SCV  
  33  3:16  Marine x2  
  33  3:19  SCV  
  36  3:20  Barracks  
  36  3:24  SCV  
  37  3:30  Factory Tech Lab  
  37  3:32  SCV  
  38  3:36  SCV, Marine x2  
  38  3:41  Supply Depot  
  41  3:45  SCV  
  42  3:48  SCV  
  42  3:52  Cloaking Field  
  42  3:54  Factory Tech Lab  
  42  3:55  Banshee  
  46  4:00  Refinery  
  46  4:02  SCV x2  
  48  4:07  Supply Depot  
  48  4:09  Barracks Tech Lab  
  48  4:12  Siege Tank  
  48  4:15  Marine  
  48  4:16  Marine  
  53  4:19  SCV  
  54  4:27  Supply Depot  
  54  4:28  Combat Shield  
  54  4:29  Marine, SCV  
  56  4:33  Marine x2  
  56  4:36  SCV  
  59  4:40  Banshee  
  59  4:43  SCV  
  62  4:47  Supply Depot  
  62  4:50  Supply Depot  
  62  4:51  Siege Tank  
  65  4:54  SCV  
  65  4:55  SCV  
  65  4:59  Marine x3  
  70  5:09  SCV x2  
  70  5:12  Supply Depot  
  70  5:13  Engineering Bay  
  71  5:22  Banshee  
  71  5:23  Siege Tank  
  70  5:36  SCV x2  
  70  5:38  Marine x3  
  75  5:55  Cyclone  
  79  5:57  SCV x2  
  79  6:02  Marine x3  
  83  6:18  Banshee  
  83  6:20  Marine x3  
  89  6:28  Bunker  
  89  6:32  Missile Turret  
  89  6:37  Missile Turret  
  79  6:48  Marine x3  
  79  6:52  SCV x2  
  53  7:04  Siege Tank, SCV x2  
  58  7:16  SCV x2  
  57  7:28  SCV  
  47  7:34  Marine x3  
  47  7:36  Siege Tank  
  53  7:40  SCV x2  
  53  7:41  Barracks  
  52  7:47  Starport Reactor  
  52  7:49  Terran Infantry Weapons Level 1  
  52  7:51  Stimpack  
  52  7:52  SCV x2  
  52  7:58  Marine x3  
  57  8:06  Missile Turret  
  57  8:11  Siege Tank  
  60  8:17  Bunker, SCV x2  
  62  8:24  Marine x3  
  65  8:33  SCV x2  
  67  8:42  Marine x3  
  67  8:43  Marine  
  67  8:48  Medivac x2  
  73  8:49  Siege Tank  
  73  8:52  SCV  
  79  9:05  Marine x2  
  79  9:06  Marauder x2  
  79  9:07  SCV x2  
  87  9:19  SCV x2  
  87  9:23  Medivac, Siege Tank  
  94  9:30  Marine x4  
  98  9:34  Supply Depot  
  89  10:00  Bunker x2  
Tags
 
Add a new tag
Caveats
  • Supply blocks, unpowered buildings, or Contaminate may cause inaccurate times.
  • Supply counts are checked every 10 seconds.